 Dungeon Crawl Stone Soup version 0.29.1-1-gd02db6906a (webtiles) character file.

Game seed: 11764099684935560008

116 Icepheonix32 the Caller (level 5, 0/35 HPs)
             Began as a Merfolk Summoner on Oct 6, 2022.
             Slain by a hobgoblin (6 damage)
             ... led by Robin
             ... on level 3 of the Dungeon.
             The game lasted 00:04:49 (3254 turns).

Icepheonix32 the Caller (Merfolk Summoner)          Turns: 3254, Time: 00:04:50

Health: 0/35       AC:  5    Str:  8    XL:     5   Next: 1%
Magic:  7/7        EV: 16    Int: 17    God:
Gold:   84         SH:  0    Dex: 14    Spells: 2/8 levels left

rFire   . . .      SeeInvis .   n - +0 trident
rCold   . . .      Faith    .   (no shield)
rNeg    . . .      Spirit   .   a - +0 robe
rPois   .          Reflect  .   g - +2 helmet
rElec   .          Harm     .   (no cloak)
rCorr   .          Rampage  .   (no gloves)
Will    .....                   (no boots)
Stlth   ++........              e - amulet of magic regeneration
HPRegen 0.11/turn               p - +4 ring of evasion
MPRegen 0.50/turn               (no ring)

@: mighty
A: (nimble swimmer 2), mertail, low MP 1
a: no special abilities


You were on level 3 of the Dungeon.
You visited 1 branch of the dungeon, and saw 3 of its levels.

You collected 84 gold pieces.

Inventory:

Hand Weapons
 d - a +0 dagger
 m - a +0 halberd
 n - a +0 trident (weapon)
 q - a +1 mace of draining
Missiles
 l - a throwing net
Armour
 a - a +0 robe (worn)
 g - a +2 helmet (worn)
Jewellery
 e - an amulet of magic regeneration (around neck)
 f - a ring of ice
 p - a +4 ring of evasion (left hand)
Scrolls
 o - 2 scrolls of amnesia {unknown}
 r - 2 scrolls of identify
 s - a scroll of magic mapping {unknown}
 u - a scroll of vulnerability {unknown}
Potions
 b - 3 potions of magic
 h - 2 potions of heal wounds
 i - a potion of ambrosia {unknown}
 j - a potion of degeneration {unknown}
 k - a potion of curing {unknown}
 t - a potion of attraction {unknown}


   Skills:
 - Level 2.6 Dodging
 - Level 2.1 Stealth
 - Level 2.0 Spellcasting
 + Level 6.1 Summonings


You had 2 spell levels left.
You knew the following spells:

 Your Spells              Type           Power      Damage    Failure   Level
a - Summon Small Mammal   Summ           88%        N/A       1%          1
b - Call Imp              Summ           22%        N/A       2%          2
c - Call Canine Familiar  Summ           22%        N/A       4%          3

Your spell library contained the following spells:

 Spells                   Type           Power      Damage    Failure   Level
 Summon Guardian Golem    Hex/Summ       12%        N/A       16%         3
 Summon Lightning Spire   Summ/Air       12%        N/A       47%         4


Dungeon Overview and Level Annotations

Branches:
Dungeon (3/15)

Altars:
Ashenzari

Annotations:
D:3 Robin


Innate Abilities, Weirdness & Mutations

((You are very nimble when in or above water. (Stealth+, EV+, Speed+++)))
Your lower body shifts to a powerful aquatic tail in water.
Your magical capacity is low. (-10% MP)


Message History

You reach to attack!
You hit the hobgoblin but do no damage.
Your shadow imp hits the hobgoblin.
You barely miss the hobgoblin.
The hobgoblin is moderately wounded.
Robin roars a battlecry!
The goblins go into a battle-frenzy!
The gnoll closely misses you. The gnoll completely misses you.
The hobgoblin hits you but does no damage.
Your shadow imp gestures at the hobgoblin.
The hobgoblin barely resists.
You barely miss the hobgoblin.
The hobgoblin is moderately wounded.
Robin throws the goblin at you! The goblin misses you.
The gnoll hits you but does no damage.
The gnoll hits you from afar with a +0 spear.
The hobgoblin hits your shadow imp.
Your shadow imp dies!
Your shadow imp disappears in a puff of smoke!
The gnoll hits you from afar with a +0 spear.
The hobgoblin completely misses you. The goblin hits you but does no damage.
A hobgoblin comes into view.
The gnoll hits you from afar with a +0 spear.
There are monsters nearby!
Okay, then.
You feel very mighty all of a sudden. The hobgoblin misses you.
A gnoll comes into view. It is wielding a +0 club.
The gnoll misses you. The hobgoblin misses you. The goblin barely misses you.
The gnoll hits you but does no damage.
You barely miss the goblin. The hobgoblin hits you.
Robin roars a battlecry!
The hobgoblin goes into a battle-frenzy!
A goblin comes into view. It is wielding a +0 dagger.
The goblin hits you with a +0 club.
The gnoll hits you from afar with a +0 spear.
* * * LOW HITPOINT WARNING * * *
The gnoll hits you from afar with a +0 spear.
* * * LOW HITPOINT WARNING * * *
The hobgoblin hits you.
You die...

#...# #.#
#...# #.#
#...# #.#
###.# #.#
#.# #.# #.#
#.# #.#
#g#####..
#@ggKg...
#.g).gg..g.
###.#####..
#g# #.# #g#
#.# g.#


You could see Robin, 4 gnolls, 4 hobgoblins, 2 goblins and a kobold.

Vanquished Creatures
  2 adders (D:2)
  4 ball pythons
  4 endoplasms
  2 giant cockroaches
  2 goblins
  6 hobgoblins
  3 jackals
  2 kobolds (D:2)
  6 frilled lizards
  2 rats
33 creatures vanquished.

Vanquished Creatures (collateral kills)
  A gnoll (D:1)
  An adder (D:2)
  A worm (D:2)
  2 ball pythons (D:2)
  5 endoplasms
  3 goblins
  5 hobgoblins
  5 jackals
  2 kobolds (D:1)
  A quokka (D:2)
  2 bats (D:1)
  6 frilled lizards
  3 rats (D:1)
37 creatures vanquished.

Vanquished Creatures (others)
  6 fungi (D:1)
  2 plants (D:1)
8 creatures vanquished.

Grand Total: 78 creatures vanquished

Notes
Turn   | Place    | Note
-------+----------+-------------------------------------------
     0 | D:1      | Icepheonix32 the Merfolk Summoner began the quest for the
                  | Orb.
     0 | D:1      | Reached XP level 1. HP: 13/13 MP: 3/3
   196 | D:1      | Found a faded altar of an unknown god.
   202 | D:1      | Reached XP level 2. HP: 17/19 MP: 1/5
   454 | D:1      | Learned a level 2 spell: Call Imp
   758 | D:1      | Reached XP level 3. HP: 22/24 MP: 3/6
   789 | D:1      | Learned a level 3 spell: Call Canine Familiar
   867 | D:1      | Reached skill level 5 in Summonings
  1582 | D:1      | Gained mutation: You are resistant to electric shocks.
                  | (rElec) [potion of mutation]
  1582 | D:1      | Gained mutation: You are frail. (-10% HP) [potion of
                  | mutation]
  1582 | D:1      | Gained mutation: You sometimes lose your temper in combat.
                  | [potion of mutation]
  1614 | D:1      | Lost mutation: You are frail. (-10% HP) [potion of
                  | mutation]
  1614 | D:1      | Lost mutation: You sometimes lose your temper in combat.
                  | [potion of mutation]
  1614 | D:1      | Lost mutation: You are resistant to electric shocks.
                  | (rElec) [potion of mutation]
  1614 | D:1      | Gained mutation: Your magical capacity is low. (-10% MP)
                  | [potion of mutation]
  1924 | D:2      | Reached XP level 4. HP: 22/30 MP: 6/6
  1980 | D:2      | Found a broken altar of Ashenzari.
  2838 | D:2      | Reached skill level 6 in Summonings
  3247 | D:3      | Identified the +2 robe "Kogue" {rF+ rCorr}
  3248 | D:3      | Noticed Robin
  3250 | D:3      | Reached XP level 5. HP: 32/35 MP: 7/7
  3254 | D:3      | Slain by a hobgoblin

Illustrated notes

Levels and vault maps discovered:
D:1:      wander_arrival_fairy_ring, layout_loops_cross,
          dreamdust_ecumenical_altar_grove
D:2:      minmay_spotlight, layout_basic, basic_altar
D:3:      layout_loops_ring, mainiacjoe_overflow_paths, uniq_robin

Skill      XL: |  1  2  3  4 |
---------------+-------------+-----
Summonings     | 5 6 |  6.1
Dodging        | |  2.6
Stealth        | |  2.1
Spellcasting   | |  2.0

Action                   |  1- 3 |  4- 6 || total
-------------------------+-------+-------++-------
Melee: Dagger            |    83 |    18 ||   101
       Punch             |     1 |       ||     1
       Trident           |       |    71 ||    71
       Halberd           |       |    13 ||    13
 Cast: Summon Small Mamm |    21 |       ||    21
       Call Imp          |    11 |     2 ||    13
       Call Canine Famil |     1 |     6 ||     7
  Use: Scroll            |     3 |       ||     3
       Potion            |     2 |     2 ||     4
 Stab: Sleeping          |     5 |     1 ||     6
       Distracted        |       |     1 ||     1
Armor: Robe              |    23 |    32 ||    55
Dodge: Dodged            |    62 |    96 ||   158
